AoeStats
← E-d-d-i-e91G

Black Forest

507662474Analyzed
2v2 RM · 15d ago on Sep 19, 2026· 60m 59s· 4 players
Game mode
Random Map
Map size
Medium (4 player)
Population
200
Speed
Normal
Resources
Standard
Victory
Conquest
Starting age
Dark Age
Ending age
Imperial Age
RankedLock teamsTeams togetherTeam positionsShared explorationLock speedFull tech treeHidden civsTurbo modeCheats
Victory
Defeat
🇲🇽 Romans · Mexico
637
+9
🇮🇹 Celts · Italy
331
+21
🇦🇺 Cumans · Australia
466
-17
🇦🇺 Portuguese · Australia
462
-15
GralBambino
0:29 Loom
17:54 Feudal Age
18:46 Man-at-Arms
24:21 Scale Mail Armor
25:31 Forging
29:59 Castle Age
30:33 Bloodlines
30:54 Gold Mining
30:55 Stone Mining
34:25 Long Swordsman
35:10 Squires
35:16 Husbandry
34:44 Elite Skirmisher
35:37 Scale Barding Armor
35:34 Padded Archer Armor
35:25 Fletching
35:52 Chain Mail Armor
36:13 Iron Casting
35:35 Horse Collar
35:56 Double-Bit Axe
39:10 Wheelbarrow
38:21 Town Watch
39:16 Gold Shaft Mining
38:56 Bow Saw
38:44 Pikeman
45:47 Imperial Age
44:07 Leather Archer Armor
43:54 Bodkin Arrow
45:04 Ballistics
44:51 Heavy Plow
47:40 Chemistry
47:07 Conscription
46:58 Town Patrol
47:41 Crop Rotation
48:52 Ballistas
49:11 Comitatenses
50:12 Ring Archer Armor
50:45 Blast Furnace
53:38 Legionary
53:44 Halberdier
56:46 Elite Centurion
58:13 Capped Ram
60:04 Hand Cart
info
13:57 Feudal Age
15:21 Double-Bit Axe
15:37 Gold Mining
16:36 Stone Mining
18:14 Horse Collar
25:23 Castle Age
29:06 Gold Shaft Mining
29:12 Stone Shaft Mining
28:51 Bow Saw
28:44 Heavy Plow
33:06 Man-at-Arms
33:32 Gambesons
33:11 Crossbowman
41:03 Imperial Age
38:19 Long Swordsman
38:32 Light Cavalry
39:13 Husbandry
39:09 Elite Skirmisher
39:39 Arson
40:15 Forging
42:30 Iron Casting
41:57 Scale Mail Armor
42:03 Scale Barding Armor
41:49 Fletching
42:01 Padded Archer Armor
41:41 Onager
41:47 Two-Handed Swordsman
43:08 Champion
45:06 Siege Onager
49:06 Blast Furnace
48:22 Chain Mail Armor
48:28 Chain Barding Armor
48:04 Bodkin Arrow
48:25 Leather Archer Armor
51:20 Elite Woad Raider
51:58 Sappers
52:52 Conscription
52:46 Furor Celtica
52:27 Stronghold
53:14 Hoardings
53:43 Plate Mail Armor
E-d-d-i-e91G
9:04 Loom
12:55 Feudal Age
16:50 Wheelbarrow
16:07 Town Watch
18:58 Man-at-Arms
21:16 Horse Collar
22:43 Double-Bit Axe
23:33 Arson
26:10 Castle Age
30:45 Fletching
31:07 Gold Mining
31:11 Stone Mining
30:49 Pikeman
33:22 Bodkin Arrow
33:07 Long Swordsman
33:50 Squires
34:21 Heavy Plow
36:24 Hand Cart
42:08 Elite Skirmisher
42:59 Thumb Ring
46:25 Imperial Age
45:21 Caravan
45:29 Padded Archer Armor
49:58 Parthian Tactics
IAMASTROMAN9714
16:59 Feudal Age
19:16 Man-at-Arms
19:54 Double-Bit Axe
21:22 Gold Mining
21:24 Horse Collar
22:24 Wheelbarrow
23:38 Man-at-Arms
26:52 Scale Mail Armor
27:03 Forging
31:58 Castle Age
30:04 Padded Archer Armor
30:06 Fishing Lines
32:41 Crossbowman
33:27 Thumb Ring
33:19 Gambesons
33:09 Long Swordsman
36:52 Iron Casting
36:34 Chain Mail Armor
36:15 Fletching
38:06 Bow Saw
44:04 Elite Skirmisher
Connection lost

Rejoining the realm…

Still unreachable

The connection could not be restored.

Session expired

The server has moved on; the page needs a fresh start.